 Dungeon Crawl Stone Soup version 0.17-a0-1554-g3b847ca (webtiles) character file.

298 mrath the Magician (level 6, -2/32 HPs)
             Began as a Gargoyle Earth Elementalist on July 19, 2015.
             Was an Initiate of Vehumet.
             Slain by patman's ghost (7 damage)
             ... on level 4 of the Dungeon.
             The game lasted 00:38:46 (4466 turns).

mrath the Magician (Gargoyle Earth Elementalist)    Turns: 4466, Time: 00:38:47

Health: -2/32      AC: 10    Str: 11    XL:     6   Next: 36%
Magic:  10/13      EV: 12    Int: 18    God:    Vehumet [......]
Gold:   127        SH:  0    Dex: 10    Spells: 2 memorised, 12 levels left

rFire  . . .     SeeInvis .     x - +0 flail
rCold  . . .     Clarity  .     b - +0 robe
rNeg   + . .     SustAt   .     (no shield)
rPois  ∞         Gourm    .     (no helmet)
rElec  +         Spirit   .     r - +0 cloak
rCorr  .         Warding  .     (no gloves)
rMut   .         Stasis   .     (no boots)
MR     .....                    (no amulet)
Stlth  ++........               (no ring)
                                (no ring)

@: stone skin, invisible, not resistant to hostile enchantments, unstealthy
A: negative energy resistance 1, electricity resistance, unbreathing,
petrification resistance, rot immunity, AC +4
a: Renounce Religion


You were on level 4 of the Dungeon.
You worshipped Vehumet.
Vehumet was noncommittal.
You were not hungry.

You visited 1 branch of the dungeon, and saw 4 of its levels.

You collected 127 gold pieces.

Inventory:

Hand weapons
 e - a +0 spear
 u - a +2 dagger of draining
 w - a +0 quarterstaff
 x - a +0 flail (weapon)
Missiles
 a - 80 stones (quivered)
 k - 55 arrows
 t - 21 sling bullets
 v - 35 bolts
 B - 21 poisoned needles
Armour
 b - a +0 robe (worn)
 n - a +0 shield
 r - a +0 cloak (worn)
Jewellery
 D - a +4 ring of dexterity {unknown}
Magical devices
 C - a wand of magic darts (0)
Scrolls
 g - 2 scrolls of remove curse {unknown}
 i - a scroll of noise {unknown}
 m - 2 scrolls of enchant weapon {unknown}
 p - 3 scrolls of identify
 s - a scroll of fear {unknown}
 y - a scroll of fog {unknown}
 A - a scroll of teleportation {unknown}
 E - a scroll of enchant armour {unknown}
Potions
 h - a potion of invisibility
 j - 2 potions of might {unknown}
 l - a potion of flight {unknown}
 o - a potion of mutation {unknown}
 q - a potion of degeneration {unknown}
Books
 c - a book of Geomancy

   Spells                             Type                      Level
   a - Sandblast                      Earth                        1
   b - Stoneskin                      Transmutation/Earth          2
   c - Passwall                       Transmutation/Earth          3
   d - Stone Arrow                    Conjuration/Earth            3
   e - Petrify                        Transmutation/Earth          4
   f - Lee's Rapid Deconstruction     Earth                        5
Comestibles
 d - 5 chunks of flesh
 f - a meat ration
 z - 5 fruits


   Skills:
 - Level 1.5 Dodging
 - Level 2.1 Stealth
 * Level 5.3 Spellcasting
 - Level 0.7 Transmutations
 + Level 5.1 Earth Magic


You had 12 spell levels left.
You knew the following spells:

 Your Spells              Type           Power        Failure   Level  Hunger
a - Sandblast             Erth           ###...       1%          1    None
b - Stoneskin             Trmt/Erth      ###.....     8%          2    #......


Dungeon Overview and Level Annotations

Branches:
Dungeon (4/15)
 Temple: D:4-7

Altars:
Gozag
Makhleb
Ru
Vehumet

Annotations:
D:4 patman's ghost, average GrBe


Innate Abilities, Weirdness & Mutations

You are resistant to torment.
Your stone body is resilient (AC +4).
You are immune to poison.
You resist negative energy.
You are resistant to electric shocks.
You can survive without breathing.
You are immune to petrification.
You are immune to rotting.


Message History

You completely miss patman's ghost.
Patman's ghost is lightly damaged.
Patman's ghost misses you.
Wield which item (- for none, * to show all)? (? for menu, Esc to quit)
x - a +0 flail (weapon)
Patman's ghost hits you.
* * * LOW HITPOINT WARNING * * *
You hit patman's ghost but do no damage.
Patman's ghost is lightly damaged.
Patman's ghost whispers, "They're coming for you..."
Patman's ghost hits you but does no damage.
You hit patman's ghost but do no damage.
Patman's ghost is lightly damaged.
Patman's ghost hits you.
* * * LOW HITPOINT WARNING * * *
Drink which item? (? for menu, Esc to quit)
It was a potion of invisibility.
You fade into invisibility!
Patman's ghost hits you!
You die...

#.#.##...............
..#.##.................
......................##
...........÷...........#
....#..##..#...........##
..#.#.###................
#..........##..........#
#....#.....###.W....##### ..
#....##>##......@.......##..
..÷.....##..........###.....
............................
.......###..#.......<##.....
......###...#..<........#..
....###.....#.........##..#
#....##.##.#######.#...#.##
#.##.......# #.#.#.#.#
..###.##...#######.#.#.#.#


You could see patman's ghost.

Vanquished Creatures
  A crimson imp (D:3)
  A centaur zombie (D:3)
  A worker ant (D:4)
  Jessica (D:3)
  An orc wizard (D:3)
  10 adders
  An ooze (D:3)
  3 worms
  4 giant geckos
  An orc (D:3)
  8 bats
  A giant cockroach (D:3)
  8 hobgoblins
  A quokka (D:3)
  A ball python (D:1)
  3 giant newts
  6 goblins
  11 kobolds
  3 rats
66 creatures vanquished.

Notes
Turn   | Place    | Note
--------------------------------------------------------------
     0 | D:1      | mrath the Gargoyle Earth Elementalist began the quest for the Orb.
     0 | D:1      | Reached XP level 1. HP: 10/10 MP: 3/3
   462 | D:1      | Reached XP level 2. HP: 15/15 MP: 5/5
   596 | D:1      | Learned a level 2 spell: Stoneskin
  1307 | D:2      | Found an opulent altar of Gozag.
  1347 | D:2      | Reached XP level 3. HP: 3/19 MP: 0/7
  2217 | D:2      | Reached skill level 4 in Earth Magic
  2705 | D:3      | Found a sacrificial altar of Ru.
  2717 | D:3      | Reached XP level 4. HP: 10/24 MP: 6/9
  3154 | D:3      | Reached XP level 5. HP: 28/28 MP: 9/11
  3354 | D:3      | Noticed Jessica
  3361 | D:3      | Killed Jessica
  3532 | D:3      | Found a radiant altar of Vehumet.
  3532 | D:3      | Found a burning altar of Makhleb.
  3538 | D:3      | Reached skill level 5 in Earth Magic
  3549 | D:3      | Became a worshipper of Vehumet
  3677 | D:3      | Reached XP level 6. HP: 32/32 MP: 10/13
  3808 | D:3      | Reached skill level 5 in Spellcasting
  4363 | D:4      | Noticed patman's ghost (average GrBe)
  4466 | D:4      | Slain by patman's ghost

Vault maps used:
D:1:      lemuel_arrival_broad_hall
D:2:      grunt_gozag_statues
D:3:      grunt_temple_overflow_lords_of_destruction,
          nicolae_ru_great_annihilating_truth, first_bread, uniq_jessica
D:4:      led_sif_pool, hangedman_decor_clover_reticule, uniq_menkaure

Action                   |  1- 3 |  4- 6 || total
-------------------------+-------+-------++-------
Melee: Spear             |    82 |    45 ||   127
       Dagger            |       |     8 ||     8
       Flail             |       |     5 ||     5
 Cast: Sandblast         |    47 |    68 ||   115
       Stoneskin         |     1 |     2 ||     3
  Use: Scroll            |     1 |       ||     1
       Potion            |       |     1 ||     1
 Stab: Sleeping          |     1 |     2 ||     3
       Paralysed         |       |     5 ||     5
  Eat: Chunk             |     2 |     1 ||     3
       Bread ration      |     1 |     1 ||     2
       Beef jerky        |     1 |       ||     1
